 Dungeon Crawl Stone Soup version 0.13.1-2-gfb2c2b7 (webtiles) character file.

79576 Jenx the Sharpshooter (level 15, 124/124 HPs)
             Began as a Centaur Hunter on Oct 12, 2013.
             Was a High Priest of Okawaru.
             Quit the game on Level 11 of the Dungeon on Dec 1, 2013.
             The game lasted 02:36:00 (31328 turns).

Jenx the Sharpshooter (Centaur Hunter)             Turns: 31328, Time: 02:36:01

HP 124/124       AC 24     Str 26      XL: 15   Next: 18%
MP  23/23        EV  5     Int 13      God: Okawaru [*****.]
Gold 1032        SH  0     Dex 10      Spells:  0 memorised, 14 levels left

Res.Fire  : . . .   See Invis. : .   a - +2,+0 whip (elec)
Res.Cold  : + + .   Warding    : .   y - +3 scale mail "Xaonlam" {rC++}
Life Prot.: . . .   Conserve   : .   (no shield)
Res.Poison: +       Res.Corr.  : .   J - +0 wizard hat {Int+3}
Res.Elec. : .       Clarity    : .   K - +1 cloak {rPois}
Sust.Abil.: . .     Spirit.Shd : .   k - +0 pair of gauntlets
Res.Mut.  : +       Stasis     : .   D - +1 centaur barding
Res.Rott. : .       Flight     : .   U - cursed amulet of Immorality {rMut +Blink}
Saprovore : . . .                    r - +6,+3 ring of slaying
                                     X - +5 ring of strength

@: very quick, somewhat resistant to hostile enchantments, extremely unstealthy
A: hooves 3, deformed body, herbivore 1, speed 2, fast metabolism 1, tough skin
3
a: Heroism, Finesse, Renounce Religion, Evoke Blink


You were on level 11 of the Dungeon.
You worshipped Okawaru.
Okawaru was extremely pleased with you.
You were not hungry.

You visited 3 branches of the dungeon, and saw 20 of its levels.

You collected 1194 gold pieces.
You spent 182 gold pieces at shops.

Inventory:

Hand weapons
 a - a +2,+0 whip of electrocution (weapon)
 b - a +3,+4 crossbow of flame
 f - a +9,+2 crossbow of evasion
 Z - a +0,+2 whip of venom
Missiles
 e - 9 bolts of penetration
 p - 14 silver bolts
 z - 11 bolts
 H - 7 bolts of flame
 I - 10 steel bolts
 Q - 7 poisoned bolts
Armour
 k - a +0 pair of gauntlets (worn)
 m - a +0 helmet
 x - a +0 robe
 y - the +3 scale mail "Xaonlam" (worn) {rC++}
   (Okawaru gifted it to you on level 6 of the Lair of Beasts)

   It greatly protects you from cold.
 D - a +1 centaur barding (worn)
 J - a +0 wizard hat of intelligence (worn)
 K - a +1 cloak of poison resistance (worn)
 N - a +0 elven robe of fire resistance (quivered)
Magical devices
 d - a wand of digging (4)
 G - a wand of slowing (6)
 L - a wand of disintegration (14)
 M - a wand of disintegration (9)
 S - a wand of digging (14)
 W - a wand of flame (7)
Comestibles
 u - a bread ration
 F - 4 rotting chunks of yak flesh
 O - an apple
 P - a chunk of black bear flesh
 T - a meat ration
 V - 5 rotting chunks of yak flesh
 Y - a rotting chunk of adder flesh
Scrolls
 g - 4 scrolls of magic mapping
 l - a scroll of noise {unknown}
 o - 2 scrolls of fear
 q - 6 scrolls of remove curse
 t - a scroll of fog
 v - a scroll of identify
 A - 7 scrolls of teleportation
Jewellery
 r - a +6,+3 ring of slaying (right hand)
 R - an uncursed ring of positive energy
 U - the cursed amulet of Immorality (around neck) {rMut +Blink}
   (You found it on level 8 of the Lair of Beasts)

   [amulet of resist mutation]

   It lets you blink.
   It has a curse placed upon it.
 X - a +5 ring of strength (left hand)
Potions
 c - 3 potions of speed {unknown}
 h - 2 potions of restore abilities
 i - 2 potions of magic {unknown}
 j - 2 potions of curing
 n - a potion of berserk rage {unknown}
 s - 3 potions of might
 w - 2 potions of agility
 B - 2 potions of invisibility
 C - a potion of confusion {unknown}
 E - a potion of mutation {unknown}


   Skills:
 + Level 11.0 Fighting
 - Level 6.3 Maces & Flails
 - Level 15.7 Crossbows
 - Level 13.7 Armour
 - Level 1.3 Dodging
 - Level 0.5 Stealth
 - Level 7.0 Invocations
 + Level 2.2 Evocations


You had 14 spell levels left.
You didn't know any spells.

Dungeon Overview and Level Annotations

Branches:
Dungeon (11/27)            Temple (1/1) D:7             Orc (0/4) D:6
   Lair (8/8) D:11         Shoals (0/5) Lair:6        Snake (0/5) Lair:3
  Slime (0/6) Lair:8

Altars:
Ashenzari
Cheibriados
Elyvilon
Fedhas
Kikubaaqudgha
Makhleb
Nemelex Xobeh
Okawaru
Sif Muna
Trog
Vehumet
Xom
Yredelemnul
Zin
the Shining One

Shops:
D:5 !   D:8 *

Annotations:
D:6 exclusion: statue


Innate Abilities, Weirdness & Mutations

You have hooves in place of feet.
Armour fits poorly on your strangely shaped body.
You digest meat inefficiently.
You cover ground very quickly.
You have a fast metabolism.
You have extremely tough skin (AC +3).


Message History

You feel slightly nauseous.
It was a potion of poison.
Drink which item? (? for menu, Esc to quit)
You feel slightly nauseous.
O - an apple Save game and exit?
Welcome back, Jenx the Centaur Hunter.
Okawaru says: Bring me glory in combat!
Press ? for a list of commands and other information.
Unknown command.
Save game and exit?
Welcome back, Jenx the Centaur Hunter.
Okawaru says: Bring me glory in combat!
Press ? for a list of commands and other information.
Save game and exit?
Welcome back, Jenx the Centaur Hunter.
Okawaru says: Bring me glory in combat!
Press ? for a list of commands and other information.
Quiver which item? (- for none, * to show all) (? for menu, Esc to quit)
Okay, then.
Are you sure you want to abandon this character and quit the game? (Confirm with "yes".)

#.................
#.................
#.................
#.................
#.................
#.................
#.................
#.................
#@................
#.........%.......
#.##########.#....
#.# ##..###.#....
### #....##)#....
#....##.#....
##..###.#....
###....#..#....
##........##....


There were no monsters in sight!

Vanquished Creatures
  Gastronok (Lair:2)
  7 hydras
  Josephine (D:10)
  An ice dragon (Lair:8)
  Erica (D:10)
  6 death yaks (Lair:7)
  2 catoblepae
  A lindwurm (Lair:5)
  An orc knight (D:7)
  Erolcha (D:10)
  2 hill giants
  Pikel (D:7)
  Joseph (D:9)
  3 griffons
  The ghost of MirrMurr the Covert, an experienced SpEn of Ashenzari (D:6)
  32 elephants
  Maurice (D:9)
  25 spiny frogs
  2 orange demons (D:11)
  9 black mambas
  A queen ant (Lair:6)
  Grinder (D:3)
  6 komodo dragons
  5 fire drakes
  5 giant leeches (Lair:8)
  2 polar bears (Lair:8)
  A snapping turtle (Lair:6)
  2 boulder beetles (Lair:7)
  22 blink frogs
  2 grizzly bears
  6 basilisks
  2 wyverns
  A shadow (D:11)
  56 yaks
  A hill giant zombie (D:11)
  Eustachio (D:9)
  4 vampire mosquitoes (Lair:8)
  5 elephant slugs
  A hill giant skeleton (D:11)
  12 hippogriffs
  Edmund (D:7)
  The ghost of Besmertnik the Skirmisher, an average KoBe of Trog (D:3)
  9 wolves
  A mottled dragon (D:9)
  8 soldier ants (Lair:6)
  8 porcupines
  3 sky beasts
  5 black bears
  4 slaves (D:7)
  An ice beast (D:8)
  2 orc warriors
  5 phantoms
  6 ogres
  8 giant goldfish
  8 centaurs
  2 nagas (Lair:3)
  19 crocodiles
  4 wargs (D:7)
  9 water moccasins
  3 big kobolds
  6 giant slugs
  Blork the orc (D:7)
  33 giant frogs
  9 agate snails
  A manticore zombie (D:11)
  A cyclops skeleton (D:10)
  A yak zombie (D:9)
  A troll zombie (D:10)
  5 killer bees (D:10)
  A troll skeleton (D:10)
  13 jellyfish
  4 goliath beetles
  6 crimson imps
  A basilisk zombie (D:10)
  A quasit (D:11)
  A big fish (Lair:6)
  6 hounds
  A centaur skeleton (D:10)
  A black bear skeleton (D:7)
  6 orc wizards
  5 orc priests
  9 iguanas
  2 scorpions
  14 sheep
  37 worker ants
  A crocodile skeleton (D:10)
  An ogre zombie (D:10)
  A hound zombie (D:5)
  A mummy (D:11)
  2 hound skeletons
  A worker ant zombie (D:10)
  29 adders
  17 gnolls
  47 green rats
  4 giant centipedes
  An inept item mimic (D:6)
  A shadow imp (D:9)
  A giant mite (D:6)
  6 worms
  A goliath beetle zombie (D:7)
  2 adder skeletons
  A grey rat (D:9)
  2 giant eyeballs
  9 giant geckos
  An ooze (D:5)
  49 orcs
  3 ball pythons
  22 hobgoblins
  31 jackals
  8 quokkas
  19 bats
  8 giant cockroaches
  2 giant newts (D:3)
  2 giant spores
  21 goblins
  A hobgoblin zombie (D:10)
  32 kobolds
  18 rats
  4 ballistomycetes
  A bush (Lair:3)
  5 fungi
  8 plants
871 creatures vanquished.

Vanquished Creatures (others)
  A polar bear (Lair:8)
  An orc wizard (D:6)
  41 fungi
  13 plants
  5 toadstools (D:1)
61 creatures vanquished.

Grand Total: 932 creatures vanquished

Notes
Turn   | Place    | Note
--------------------------------------------------------------
     0 | D:1      | Jenx, the Centaur Hunter, began the quest for the Orb.
     0 | D:1      | Reached XP level 1. HP: 17/17 MP: 0/0
   178 | D:1      | Reached XP level 2. HP: 15/24 MP: 1/1
   183 | D:1      | Reached skill level 5 in Crossbows
   673 | D:1      | Reached XP level 3. HP: 24/29 MP: 2/2
  1329 | D:2      | Reached skill level 6 in Crossbows
  1709 | D:2      | Reached XP level 4. HP: 36/36 MP: 2/2
  2197 | D:3      | Reached XP level 5. HP: 41/41 MP: 3/3
  2198 | D:3      | Reached skill level 7 in Crossbows
  2463 | D:3      | Noticed Besmertnik's ghost (average KoBe)
  2571 | D:3      | Noticed Grinder
  2582 | D:3      | Paralysed by Grinder for 5 turns
  2621 | D:3      | Killed Besmertnik's ghost
  2621 | D:3      | Reached skill level 8 in Crossbows
  2621 | D:3      | Reached XP level 6. HP: 44/48 MP: 4/4
  2631 | D:3      | Paralysed by Grinder for 5 turns
  2642 | D:3      | HP: 2/48 [Grinder (2)]
  2647 | D:3      | Paralysed by Grinder for 5 turns
  2660 | D:3      | Paralysed by Grinder for 3 turns
  2667 | D:3      | Killed Grinder
  2667 | D:3      | Reached skill level 9 in Crossbows
  2667 | D:3      | Reached XP level 7. HP: 13/53 MP: 4/4
  2782 | D:3      | HP: 2/53 [gnoll/spear (3)]
  4535 | D:5      | Entered Level 5 of the Dungeon
  4621 | D:5      | Reached skill level 1 in Armour
  4918 | D:5      | Reached XP level 8. HP: 55/64 MP: 5/5
  5027 | D:5      | Got a polished leather armour
  5044 | D:5      | Identified the cursed +0 leather armour "Mowkucoi" {+Rage} (You found it on level 5 of the Dungeon)
  5262 | D:5      | Found Acuap's Distillery.
  5288 | D:5      | Bought a potion of heal wounds for 36 gold pieces
  5288 | D:5      | Bought a potion of heal wounds for 36 gold pieces
  5288 | D:5      | Bought a potion of curing for 24 gold pieces
  5288 | D:5      | Bought 2 potions of might for 60 gold pieces
  5882 | D:6      | Paralysed by a giant eyeball for 2 turns
  5950 | D:6      | Noticed MirrMurr's ghost (experienced SpEn)
  5964 | D:6      | Killed MirrMurr's ghost
  5964 | D:6      | Reached skill level 5 in Armour
  6127 | D:6      | Reached XP level 9. HP: 40/70 MP: 6/6
  6172 | D:6      | Noticed a wizard statue
  6196 | D:6      | Found a staircase to the Orcish Mines.
  6343 | D:6      | Reached skill level 5 in Fighting
  6622 | D:7      | Upgraded the game from 0.13.0 to 0.13.0-5-g7e31f0a
  6630 | D:7      | Noticed Pikel
  6987 | D:7      | Noticed Blork the orc
  6993 | D:7      | Killed Blork the orc
  7008 | D:7      | Found a staircase to the Ecumenical Temple.
  7016 | Temple   | Entered the Ecumenical Temple
  7108 | Temple   | Became a worshipper of Warmaster Okawaru
  7225 | D:7      | Reached skill level 1 in Maces & Flails
  7252 | D:7      | Noticed Edmund
  7280 | D:7      | Killed Edmund
  7432 | D:7      | Killed Pikel
  7608 | D:7      | Acquired Okawaru's first power
  7695 | D:7      | Noticed an orc knight
  7791 | D:7      | Reached skill level 5 in Maces & Flails
  7894 | D:7      | Killed an orc knight
  7894 | D:7      | Reached XP level 10. HP: 76/81 MP: 4/6
  8027 | D:7      | Noticed an orc knight
  8031 | D:7      | Noticed an orc sorcerer
  8197 | D:8      | Reached skill level 1 in Invocations
  8634 | D:8      | Found Ariss' Serpentskin Sales.
  8651 | D:8      | Bought a potion of strong poison for 26 gold pieces
  9098 | D:9      | Noticed a hill giant
  9155 | D:9      | Killed a hill giant
  9608 | D:9      | Noticed Eustachio
  9621 | D:9      | Killed Eustachio
  9837 | D:9      | Noticed Maurice
 10021 | D:9      | Was placed under penance by Okawaru
 10187 | D:9      | Killed Maurice
 10470 | D:9      | Was forgiven by Okawaru
 10485 | D:9      | Noticed Joseph
 10510 | D:9      | Killed Joseph
 10636 | D:9      | Reached XP level 11. HP: 69/88 MP: 10/10
 10725 | D:10     | Entered Level 10 of the Dungeon
 10725 | D:10     | Noticed Erolcha
 10725 | D:10     | Noticed Erica
 10805 | D:10     | Upgraded the game from 0.13.0-5-g7e31f0a to 0.13.0-6-g40e4d2d
 10898 | D:10     | Noticed Josephine
 11003 | D:10     | Killed Josephine
 11003 | D:10     | Reached skill level 10 in Crossbows
 11657 | D:10     | Killed Erolcha
 11657 | D:10     | Reached skill level 11 in Crossbows
 11660 | D:10     | Acquired Okawaru's second power
 11660 | D:10     | Received a gift from Okawaru
 11752 | D:10     | Killed Erica
 11760 | D:10     | Received a gift from Okawaru
 12349 | D:10     | Noticed a hill giant
 12868 | D:11     | Reached skill level 12 in Crossbows
 12891 | D:11     | Received a gift from Okawaru
 12991 | D:11     | Found a staircase to the Lair.
 13062 | D:11     | Received a gift from Okawaru
 13093 | Lair:1   | Entered Level 1 of the Lair of Beasts
 13160 | Lair:1   | Received a gift from Okawaru
 13511 | Lair:1   | Received a gift from Okawaru
 13892 | Lair:1   | Noticed a five-headed hydra
 13983 | Lair:1   | Killed a five-headed hydra
 14113 | Lair:1   | Received a gift from Okawaru
 14398 | Lair:1   | Reached XP level 12. HP: 97/97 MP: 12/12
 14788 | Lair:2   | Noticed Gastronok
 14832 | Lair:2   | Killed Gastronok
 14832 | Lair:2   | Received a gift from Okawaru
 15007 | Lair:2   | Reached skill level 10 in Armour
 15086 | Lair:2   | HP: 2/97 [fire drake/blast of flame (27)]
 15901 | Lair:3   | Received a gift from Okawaru
 16000 | Lair:3   | Found a staircase to the Snake Pit.
 16146 | Lair:3   | Received a gift from Okawaru
 16404 | Lair:3   | Received a gift from Okawaru
 16477 | Lair:3   | Reached skill level 5 in Invocations
 16520 | Lair:3   | Received a gift from Okawaru
 18295 | Lair:5   | Received a gift from Okawaru
 18384 | Lair:5   | Reached XP level 13. HP: 52/104 MP: 21/21
 19532 | Lair:6   | Reached skill level 10 in Fighting
 19548 | Lair:6   | Received a gift from Okawaru
 19549 | Lair:6   | Got a garnet-encrusted scale mail {god gift}
 19832 | Lair:6   | Identified the +3 scale mail "Xaonlam" {rC++} (Okawaru gifted it to you on level 6 of the Lair of Beasts)
 20634 | Lair:6   | Reached skill level 13 in Crossbows
 21184 | Lair:6   | Received a gift from Okawaru
 21402 | Lair:6   | Reached skill level 14 in Crossbows
 21537 | Lair:6   | Found a staircase to the Shoals.
 21806 | Lair:6   | Upgraded the game from 0.13.0-6-g40e4d2d to 0.13.0-7-g3df9ff1
 22990 | Lair:7   | Reached skill level 15 in Crossbows
 23000 | Lair:7   | Reached XP level 14. HP: 49/116 MP: 16/22
 23027 | Lair:7   | Received a gift from Okawaru
 23499 | Lair:7   | Received a gift from Okawaru
 25825 | Lair:8   | Entered Level 8 of the Lair of Beasts
 25853 | Lair:8   | Found a staircase to the Slime Pits.
 25881 | Lair:8   | Received a gift from Okawaru
 27729 | Lair:7   | Upgraded the game from 0.13.0-7-g3df9ff1 to 0.13.0-15-g9204fa6
 27844 | Lair:8   | Received a gift from Okawaru
 29417 | Lair:8   | Reached XP level 15. HP: 100/124 MP: 23/23
 29761 | Lair:8   | Received a gift from Okawaru
 30114 | Lair:8   | Got a shimmering platinum amulet
 30124 | Lair:8   | Identified the amulet of Immorality {rMut +Blink} (You found it on level 8 of the Lair of Beasts)
 30206 | Lair:8   | Received a gift from Okawaru
 30832 | D:11     | Noticed a hill giant
 30844 | D:11     | Killed a hill giant
 30898 | D:11     | Reached skill level 1 in Evocations
 31248 | D:11     | Received a gift from Okawaru
 31327 | D:11     | Upgraded the game from 0.13.0-15-g9204fa6 to 0.13.1
 31327 | D:11     | Upgraded the game from 0.13.1 to 0.13.1-2-gfb2c2b7
 31328 | D:11     | Quit the game

Action                   |  1- 3 |  4- 6 |  7- 9 | 10-12 | 13-15 || total
-------------------------+-------+-------+-------+-------+-------++-------
Melee: Short sword       |    18 |     6 |       |       |       ||    24
       Crossbow          |       |     1 |       |     1 |    52 ||    54
       Flail             |       |    19 |   203 |       |       ||   222
       Whip              |       |       |   205 |   421 |   794 ||  1420
 Fire: Crossbow          |    68 |    59 |    70 |   629 |   687 ||  1513
Invok: Heroism           |       |       |     1 |     1 |     1 ||     3
       Finesse           |       |       |       |       |     2 ||     2
Evoke: Wand              |       |       |     6 |     9 |    23 ||    38
  Use: Scroll            |     4 |       |     9 |    13 |     9 ||    35
       Potion            |       |     2 |     2 |    14 |     8 ||    26
 Stab: Invisible         |       |       |       |     1 |       ||     1
